 Dungeon Crawl Stone Soup version 0.31-a0-83-gbff143cfd1 (webtiles) character file.

Game seed: 10714105443875137169

1943 senseless the Covered (level 8, -4/74 HPs)
             Began as an Armataur Fighter on May 24, 2023.
             Slain by a two-headed ogre
             ... wielding a +0 giant club
              (8 damage)
             ... on level 7 of the Dungeon.
             The game lasted 00:13:52 (4796 turns).

senseless the Covered (Armataur Fighter)            Turns: 4796, Time: 00:13:53

Health: -4/74      AC: 18    Str: 23    XL:     8   Next: 98%
Magic:  8/8        EV:  2    Int:  8    God:
Gold:   541        SH: 11    Dex: 17    Spells: 7/7 levels left

rFire   . . .        a - +1 war axe
rCold   . . .        c - +0 buckler
rNeg    . . .        r - +0 plate armour
rPois   .            t - +0 helmet
rElec   .            (no cloak)
rCorr   .            (no gloves)
SInv    .            e - +0 barding
Will    .....        u - amulet of reflection Stlth
                     i - +6 ring of dexterity
HPRegen 0.32/turn    y - ring of flight
MPRegen 0.11/turn

%: reflection, roll
@: flying
A: large, rugged brown scales 3, deformed body, armoured tail, roll, long
tongue, awkward tongue
a: no special abilities


You were on level 7 of the Dungeon.
You visited 1 branch of the dungeon, and saw 7 of its levels.
You also visited: Ossuary.

You collected 541 gold pieces.

Inventory:

Hand Weapons
 a - a +1 war axe (weapon)
Missiles
 A - a throwing net (quivered)
Armour
 c - a +0 buckler (worn)
 e - a +0 barding (worn)
 r - a +0 plate armour (worn)
 t - a +0 helmet (worn)
Jewellery
 i - a +6 ring of dexterity (left hand)
 l - an amulet of magic regeneration
 m - a ring of fire
 u - an amulet of reflection (around neck)
 w - an amulet of faith
 y - a ring of flight (right hand)
Wands
 v - a wand of roots (12)
 x - a wand of charming (6)
 z - a wand of flame (22)
Scrolls
 p - 2 scrolls of amnesia
 q - 3 scrolls of blinking
 B - a scroll of torment {unknown}
Potions
 b - a potion of haste {unknown}
 d - a potion of resistance {unknown}
 f - a potion of cancellation {unknown}
 g - a potion of lignification {unknown}
 h - 4 potions of heal wounds
 j - 3 potions of degeneration {unknown}
 k - 2 potions of attraction {unknown}
 n - 2 potions of curing {unknown}
 o - 2 potions of mutation {unknown}
 s - a potion of magic


   Skills:
 + Level 6.0 Fighting
 + Level 5.0 Axes
 + Level 7.8 Armour
 + Level 7.2 Shields


You had 7 spell levels left.
You didn't know any spells.
Your spell library contained the following spells:

 Spells                   Type           Power      Damage    Failure   Level
 Poisonous Vapours        Pois/Air       0%         N/A       100%        2
 Mephitic Cloud           Conj/Pois/Air  0%         N/A       100%        3
 Freezing Cloud           Conj/Ice/Air   0%         6-21      100%        5


Dungeon Overview and Level Annotations

Branches:
Dungeon (7/15)            Ossuary (visited)
 Temple: D:4-7

Altars:
Qazlal
Trog
Uskayaw
Wu Jian
Zin

Shops:
D:6 (


Innate Abilities, Weirdness & Mutations

You are completely covered in rugged brown scales. (AC +3, +7% HP)
Armour fits poorly on your strangely shaped body.
You have a long armoured tail.
You roll when moving toward enemies. (Rampage)
Your long tongue fully drains potion bottles. (2x potion effects)
Your tongue gives you trouble enunciating. (1.5x scroll delay)


Message History

There is a stone staircase leading up here.
You reach down and open the door.
Found a quarterstaff.
There is an open door here.
You see here a +0 quarterstaff.
There is an open door here.
You reach down and open the door.
There is an open door here.
A two-headed ogre comes into view. It is wielding two +0 giant clubs.
The two-headed ogre shouts in stereo!
No target in view!
No target in view!
Found a whip.
Found a glaive.
You closely miss the two-headed ogre.
The two-headed ogre hits you with a +0 giant club!
The two-headed ogre hits you with a +0 giant club.
You barely miss the two-headed ogre.
You tail-slap the two-headed ogre, but do no damage.
You block the two-headed ogre's attack. x2
You slash the two-headed ogre!
You tail-slap the two-headed ogre, but do no damage.
The two-headed ogre is lightly wounded.
The two-headed ogre hits you with a +0 giant club! x2
You barely miss the two-headed ogre. You tail-slap the two-headed ogre.
The two-headed ogre is moderately wounded.
The two-headed ogre hits you with a +0 giant club! x2
* * * LOW HITPOINT WARNING * * *
You are too injured to fight recklessly!
You are too injured to fight recklessly!
You are too injured to fight recklessly!
You closely miss the two-headed ogre.
The two-headed ogre is moderately wounded.
You barely miss the two-headed ogre.
You tail-slap the two-headed ogre, but do no damage.
The two-headed ogre is moderately wounded.
The two-headed ogre hits you with a +0 giant club!!
* * * LOW HITPOINT WARNING * * *
The two-headed ogre hits you with a +0 giant club!
You die...

########<..##'##
#########..# ..
#..# .. #..# .
#..# #. #..#
#.###.####..#
............#
.)....O@....#
..##..##....# #.
#....# .. .....#
). #.....# ..
##....# # #....#
######


You could see a two-headed ogre.

Vanquished Creatures
  Prince Ribbit (D:6)
  Sigmund (D:2)
  3 black bears
  2 ogres (D:6)
  A phantom (D:6)
  A bullfrog (D:6)
  A scorpion (D:6)
  2 water moccasin zombies (Ossuary)
  A howler monkey (D:4)
  A jelly (D:5)
  2 orc priests
  3 hounds (D:5)
  A sleepcap (D:5)
  Jessica (D:2)
  4 iguanas
  3 orc wizards
  2 mummies (Ossuary)
  7 gnolls
  4 adders
  10 river rats (D:6)
  A shadow imp (D:5)
  A white imp (D:6)
  5 adder zombies (Ossuary)
  3 worms
  3 dart slugs
  16 orcs
  7 endoplasms
  2 giant cockroaches
  5 goblins
  15 hobgoblins
  9 jackals
  10 quokkas
  3 training dummies (D:6)
  7 ball pythons
  7 bats
  5 frilled lizards
  3 gnoll zombies (Ossuary)
  6 hobgoblin zombies (Ossuary)
  10 kobolds
  A kobold zombie (Ossuary)
  3 orc zombies (Ossuary)
  30 rats
203 creatures vanquished.

Notes
Turn   | Place    | Note
-------+----------+-------------------------------------------
     0 | D:1      | senseless the Armataur Fighter began the quest for the Orb.
     0 | D:1      | Reached XP level 1. HP: 19/19 MP: 1/1
   118 | D:1      | Reached XP level 2. HP: 26/26 MP: 2/2
   453 | D:1      | Reached XP level 3. HP: 33/33 MP: 3/3
   855 | D:2      | Noticed Jessica
   858 | D:2      | Killed Jessica
  1004 | D:2      | Reached XP level 4. HP: 37/40 MP: 4/4
  1471 | D:2      | Found a faded altar of an unknown god.
  1497 | D:2      | Noticed Sigmund
  1509 | D:2      | Killed Sigmund
  1510 | D:2      | Reached skill level 5 in Armour
  1510 | D:2      | Reached XP level 5. HP: 30/49 MP: 5/5
  1510 | D:2      | Reached XP level 6. HP: 34/55 MP: 6/6
  2018 | D:3      | Reached skill level 5 in Shields
  2105 | D:3      | Noticed a +0 dagger
  2106 | D:3      | Found a hide-covered altar of Uskayaw.
  2106 | D:3      | Noticed a +0 dagger
  2270 | D:3      | Found a glowing silver altar of Zin.
  2386 | D:4      | Found a sand-covered staircase.
  2446 | Ossuary  | Entered an ossuary
  2513 | Ossuary  | Reached XP level 7. HP: 62/64 MP: 7/7
  2885 | D:4      | Found a stormy altar of Qazlal.
  3053 | D:5      | Entered Level 5 of the Dungeon
  3305 | D:5      | Reached skill level 5 in Fighting
  3372 | D:5      | Reached XP level 8. HP: 60/72 MP: 8/8
  3820 | D:6      | Found an ornate altar of the Wu Jian Council.
  4337 | D:6      | Found a bloodstained altar of Trog.
  4442 | D:6      | Found Kecro's Firing Range.
  4445 | D:6      | Noticed Prince Ribbit
  4454 | D:6      | Killed Prince Ribbit
  4560 | D:7      | Reached skill level 5 in Axes
  4583 | D:7      | Identified the ring of the Endless Expanse {Fly Int+3}
  4787 | D:7      | Noticed a two-headed ogre
  4796 | D:7      | Slain by a two-headed ogre

Illustrated notes

Levels and vault maps discovered:
D:1:      minmay_arrival_four_houses, layout_loops_ring, minmay_tetromino_i2
D:2:      layout_basic, shapermc_ecumenical_altar_hornbeckon, uniq_sigmund,
          uniq_jessica
D:3:      layout_basic, dancing_weapons_uskayaw, general_overflow_altar
D:4:      layout_rooms, nicolae_qazlal_scattered_showers,
          nicolae_ossuary_entry_ruins
D:5:      layout_cave_pools, serial_column_ruins, column_ruins_circle_small,
          column_ruins_open_tiny, column_ruins_columns_straight,
          column_ruins_open_tiny
D:6:      lemuel_ratsnest, layout_basic, nzn_wu_jian_council_hall,
          overflow_temple_1_default, chequers_arboretum,
          nicolae_shop_firing_range, uniq_prince_ribbit1
D:7:      layout_gridville, temple_doors_ab

Skill      XL: |  1  2  3  4  5  6  7  8 |
---------------+-------------------------+-----
Fighting       | 3 4 5 6 |  6.0
Axes           | 2 3 4 5 |  5.0
Armour         | 4 5 6 7 |  7.8
Shields        | 4 5 6 7 |  7.2

Action                     |  1- 3 |  4- 6 |  7- 9 || total
---------------------------+-------+-------+-------++-------
  Melee: War axe           |    87 |   142 |   242 ||   471
         Tailslap          |    11 |    30 |    38 ||    79
    Use: Scroll            |     4 |     6 |     2 ||    12
         Potion            |       |     1 |       ||     1
 Armour: Scale mail        |    67 |    69 |       ||   136
         Plate armour      |       |    27 |   214 ||   241
  Dodge: Dodged            |    17 |    26 |    27 ||    70
  Block: Buckler           |    12 |    38 |   113 ||   163
         Reflection        |       |       |     2 ||     2

Table legend: (Time is in decaauts)
 A = Elapsed time spent in this place.
 B = Non-inter-level travel time spent in this place.
 C = Inter-level travel time spent in this place.
 D = Time resting spent in this place.
 E = Time spent auto-exploring this place.
 F = Levels seen in this place.
 G = Mean time per level.
                   A        B        C        D        E       F      G
               +--------+--------+--------+--------+--------+-----+--------+
         Total |   4938 |   4718 |    220 |    269 |   3313 |   8 |  617.2 |
       Dungeon |   4658 |   4438 |    220 |    269 |   3135 |   7 |  665.4 |
       Ossuary |    280 |    280 |      0 |      0 |    178 |   1 |  280.0 |
               +--------+--------+--------+--------+--------+-----+--------+

Top non-repeatable levels by time:
     D:2: 1045 daAuts
     D:6: 888 daAuts
     D:1: 786 daAuts
     D:5: 737 daAuts
     D:3: 610 daAuts
     D:4: 454 daAuts
 Ossuary: 280 daAuts
     D:7: 134 daAuts
